Map: [ESL] Solaris

Players

Astrea - Winner!

  • Race: Protoss Protoss
  • Spawn Location: 1:00

MaSa

  • Race: Terran Terran
  • Spawn Location: 7:00

Event: ESL SC2 Masters 2023 Winter (Regional)

VOD

Have the link to the VOD?

Description

Time

  • Played on: Nov. 4, 2023, 1:23 p.m.
  • Length: 12:35

All games in this series

Show
View Real Time Build Order
Export as new Build Order

Astrea Protoss - Winner!

Build Orders: 1 Gate Expand, Phoenix Opening, Zealot Archon 

Get SALT Encoding   

  12  0:00  Probe  
  13  0:12  Probe  
  14  0:16  Pylon  
  14  0:24  Probe (Chrono Boost)  
  15  0:36  Probe (Chrono Boost)  
  15  0:37  Gateway  
  16  0:44  Probe (Chrono Boost)  
  16  0:46  Assimilator  
  17  0:51  Probe  
  18  1:03  Probe  
  19  1:15  Probe  
  20  1:25  Nexus  
  20  1:34  Cybernetics Core  
  20  1:36  Probe  
  21  1:43  Assimilator  
  21  1:48  Probe  
  21  1:52  Pylon  
  21  2:00  Probe  
  22  2:08  Stalker (Chrono Boost)  
  22  2:11  Warp Gate (Chrono Boost)  
  22  2:12  Probe  
  25  2:16  Shield Battery  
  25  2:24  Probe  
  26  2:30  Stalker  
  26  2:36  Probe  
  29  2:37  Probe  
  29  2:43  Gateway  
  30  2:49  Probe  
  30  2:50  Probe  
  32  3:00  Sentry (Chrono Boost)  
  32  3:01  Probe  
  32  3:02  Probe  
  36  3:10  Robotics Facility  
  36  3:13  Probe  
  36  3:14  Probe  
  36  3:18  Stalker (Chrono Boost)  
  38  3:25  Probe  
  38  3:26  Probe, Phoenix  
  42  3:32  Pylon  
  42  3:37  Probe  
  42  3:40  Probe  
  44  3:45  Twilight Council  
  44  3:47  Pylon  
  44  3:49  Probe  
  44  3:52  Probe  
  44  3:54  Stalker  
  48  3:59  Observer (Chrono Boost)  
  48  4:00  Stalker  
  48  4:01  Probe  
  52  4:03  Pylon  
  52  4:08  Probe  
  53  4:13  Probe  
  53  4:15  Assimilator  
  53  4:16  Assimilator  
  53  4:17  Shield Battery  
  54  4:20  Observer (Chrono Boost)  
  54  4:22  Probe  
  56  4:25  Gateway  
  56  4:26  Probe, Charge (Chrono Boost)  
  57  4:34  Probe  
  57  4:36  Pylon  
  57  4:38  Probe  
  59  4:42  Observer  
  59  4:46  Probe  
  59  4:47  Observer  
  60  4:59  Gateway, Zealot x2  
  64  5:02  Gateway  
  64  5:03  Gateway  
  64  5:06  Observer  
  64  5:17  Templar Archives  
  64  5:26  Pylon  
  64  5:27  Nexus  
  64  5:32  Immortal  
  64  5:33  Probe  
  64  5:34  Probe  
  64  5:35  Psionic Storm  
  70  5:36  Pylon  
  70  5:42  Zealot x3  
  76  5:46  Probe x2  
  76  5:49  Pylon  
  78  5:58  Probe  
  78  6:00  High Templar x2  
  78  6:02  Probe  
  84  6:10  Zealot x2, Probe  
  89  6:12  Blink (Chrono Boost)  
  89  6:15  Probe  
  90  6:24  Probe  
  90  6:25  Zealot, Pylon  
  91  6:28  High Templar  
  91  6:31  Probe  
  96  6:36  Probe  
  96  6:39  Forge  
  97  6:43  Immortal (Chrono Boost), Probe x2  
  102  6:51  High Templar  
  102  6:52  Probe  
  102  6:53  Zealot x2  
  109  6:57  Probe  
  110  7:01  Pylon  
  110  7:03  Zealot  
  110  7:05  High Templar  
  114  7:09  Pylon  
  114  7:12  Warp Prism (Chrono Boost)  
  116  7:25  Archon  
  116  7:27  High Templar, Zealot x4  
  116  7:37  Immortal (Chrono Boost)  
  116  7:40  Zealot  
  108  7:47  Archon  
  108  7:51  High Templar, Zealot x3  
  108  7:52  Gateway x2  
  112  8:04  Zealot x2  
  114  8:12  Sentry, Zealot x2  
  122  8:25  Zealot x3  
  92  8:35  Zealot x3  
  82  8:42  Robotics Facility  
  82  8:46  Zealot x4  
  82  8:48  Protoss Ground Weapons Level 1  
  89  8:49  Zealot  
  89  8:50  Gateway x2  
  89  8:51  Pylon  
  89  8:55  Stalker x3  
  81  9:07  Zealot x4  
  65  9:18  Stalker x4  
  67  9:28  Stalker x2  
  67  9:34  Probe x2  
  67  9:35  High Templar x2  
  67  9:36  High Templar  
  75  9:43  Zealot x2  
  72  9:53  Probe x2 (Chrono Boost)  
  72  9:56  Probe (Chrono Boost)  
  73  10:02  High Templar x2, Zealot  
  73  10:05  Probe x2 (Chrono Boost)  
  81  10:10  Probe x2 (Chrono Boost)  
  81  10:11  Probe (Chrono Boost)  
  81  10:12  Archon  
  82  10:21  Warp Prism (Chrono Boost)  
  82  10:30  High Templar x2, Zealot x3  
  82  10:34  Archon  
  92  10:46  Zealot x5  
  92  10:49  Immortal (Chrono Boost)  
  104  11:01  Zealot x2  
  104  11:02  Zealot  
  110  11:05  High Templar x2  
  110  11:10  Zealot x3, Archon  
  119  11:23  Observer  
  120  11:29  Stalker x2  
  124  11:37  Nexus  
  118  11:49  High Templar, Zealot x6  
  132  12:03  Stalker x3  
  126  12:14  Stalker x4  
  109  12:25  Stalker x2  
  109  12:27  Stalker  
Show
View Real Time Build Order
Export as new Build Order

MaSa Terran 

Build Orders: Mech 

Get SALT Encoding   

  12  0:00  SCV  
  13  0:12  SCV  
  14  0:17  Supply Depot  
  14  0:24  SCV  
  15  0:38  SCV  
  15  0:40  Barracks  
  16  0:43  Refinery  
  16  0:50  SCV  
  17  1:03  SCV  
  18  1:15  SCV  
  19  1:27  Orbital Command, Marine  
  20  1:33  Supply Depot  
  20  1:51  Command Center  
  20  1:55  SCV  
  21  2:02  Factory  
  21  2:04  Barracks Reactor  
  21  2:08  SCV  
  22  2:10  Refinery  
  22  2:20  SCV  
  23  2:32  SCV  
  24  2:49  SCV, Starport  
  25  2:52  Hellion  
  25  2:53  Hellion  
  25  2:55  Barracks Tech Lab  
  29  3:02  Orbital Command, SCV  
  30  3:14  Hellion x2  
  30  3:15  SCV  
  30  3:18  Barracks Tech Lab  
  35  3:23  Orbital Command  
  35  3:27  SCV  
  35  3:32  Refinery  
  35  3:33  Refinery  
  36  3:35  Cyclone x2  
  36  3:39  Raven  
  42  3:42  SCV  
  43  3:51  Factory  
  43  3:53  SCV  
  44  3:57  SCV  
  44  4:01  Barracks Tech Lab  
  45  4:03  Interference Matrix  
  45  4:06  SCV  
  46  4:13  Supply Depot  
  46  4:15  Cyclone  
  48  4:17  SCV  
  48  4:18  SCV  
  48  4:23  Raven  
  52  4:29  SCV  
  52  4:30  SCV  
  52  4:31  Supply Depot  
  54  4:35  Barracks Reactor  
  54  4:41  SCV  
  54  4:42  SCV  
  54  4:44  Siege Tank  
  57  4:53  SCV  
  57  4:54  Factory  
  58  5:02  SCV  
  58  5:04  Hellion  
  58  5:06  Starport Reactor  
  61  5:07  Supply Depot  
  61  5:10  SCV  
  60  5:16  Siege Tank  
  60  5:17  SCV  
  64  5:23  SCV  
  64  5:24  Supply Depot  
  65  5:29  SCV  
  65  5:30  Hellion x2  
  65  5:33  Supply Depot  
  70  5:39  Armory  
  70  5:44  Factory  
  70  5:51  Siege Tank, Hellion  
  70  5:53  Siege Tank  
  78  6:08  Factory, Hellion  
  80  6:14  SCV x2  
  80  6:16  Supply Depot  
  80  6:17  Hellion  
  84  6:21  Supply Depot  
  84  6:23  Siege Tank  
  87  6:28  Siege Tank  
  87  6:29  Hellion  
  92  6:36  Terran Vehicle Weapons Level 1  
  92  6:38  Hellion  
  98  6:40  Hellion x2  
  98  6:44  Infernal Pre-Igniter  
  98  6:46  Supply Depot  
  98  6:55  Siege Tank  
  101  7:04  Supply Depot  
  101  7:08  Hellion x4  
  111  7:11  Siege Tank  
  108  7:18  Hellion  
  106  7:27  Hellion  
  102  7:34  Hellion x2  
  102  7:35  Hellion  
  102  7:39  Siege Tank  
  102  7:42  Hellion  
  102  7:43  Siege Tank  
  100  7:49  Hellion  
  102  7:55  Cyclone  
  102  7:56  Cyclone  
  104  8:03  Hellion x2  
  108  8:10  Bunker, Cyclone  
  110  8:24  Hellion x2  
  101  8:28  Cyclone  
  90  8:34  Hellion  
  90  8:44  Hellion  
  90  8:45  Hellion, SCV x2  
  96  8:59  Siege Tank, Hellion  
  72  9:11  Hellion x2  
  72  9:16  Hellion x2  
  71  9:23  Siege Tank  
  67  9:31  SCV x2  
  65  9:37  Terran Vehicle Weapons Level 2  
  64  9:43  SCV  
  65  9:46  Siege Tank  
  65  9:51  Siege Tank  
  69  9:55  Siege Tank  
  69  9:56  SCV  
  69  9:58  SCV  
  72  10:01  Cyclone  
  74  10:10  Cyclone  
  74  10:12  Cyclone, SCV  
  74  10:13  SCV  
  80  10:18  Siege Tank  
  81  10:26  Hurricane Engines  
  81  10:29  Liberator  
  81  10:32  Liberator  
  81  10:34  Hellion  
  89  10:36  Cyclone  
  89  10:38  Siege Tank  
  89  10:41  Siege Tank  
  95  10:43  SCV  
  95  10:44  Hellion  
  96  10:50  Hellion  
  98  11:00  Siege Tank, Hellion  
  103  11:08  Command Center, Hellion  
  105  11:15  Hellion  
  103  11:20  Hellion  
  103  11:22  Hellion  
  103  11:23  Orbital Command  
  107  11:30  Hellion  
  107  11:31  Siege Tank  
  112  11:38  Siege Tank  
  113  11:49  Hellion x2  
  113  11:54  Hellion  
Tags
 
Add a new tag
Caveats
  • Supply blocks, unpowered buildings, or Contaminate may cause inaccurate times.
  • Supply counts are checked every 10 seconds.